 Dungeon Crawl Stone Soup version 0.21.1-1-g345015f (webtiles) character file.

63 Pierrem the Gusty (level 3, -1/19 HPs)
             Began as a Deep Elf Air Elementalist on Apr 19, 2018.
             Was an Initiate of Yredelemnul.
             Slain by a jackal (2 damage)
             ... on level 1 of the Dungeon.
             The game lasted 00:08:59 (1403 turns).

Pierrem the Gusty (Deep Elf Air Elementalist)       Turns: 1403, Time: 00:09:00

Health: -1/19      AC:  9    Str:  5    XL:     3   Next: 89%
Magic:  9/10       EV:  0    Int: 20    God:    Yredelemnul [......]
Gold:   81         SH:  0    Dex: 15    Spells: 8/9 levels left

rFire    . . .     SeeInvis .   o - +0 great mace
rCold    . . .     Gourm    .   (shield currently unavailable)
rNeg     . . .     Faith    .   n - +0 chain mail
rPois    .         Spirit   .   (no helmet)
rElec    .         Reflect  .   (no cloak)
rCorr    .         Harm     .   i - +0 pair of gloves
MR       .....                  (no boots)
Stlth    ..........             (no amulet)
HPRegen  0.06/turn              (no ring)
MPRegen  0.12/turn              (no ring)

@: contaminated, glowing
A: no striking features
a: Renounce Religion


You were on level 1 of the Dungeon.
You worshipped Yredelemnul.
Yredelemnul was noncommittal.
You were not hungry.

You visited 1 branch of the dungeon, and saw 3 of its levels.

You collected 81 gold pieces.

Inventory:

Hand Weapons
 o - a +0 great mace (weapon)
Armour
 a - a +0 robe
 i - a +0 pair of gloves (worn)
 m - a +0 leather armour
 n - a +0 chain mail (worn)
Jewellery
 l - an uncursed ring of positive energy {unknown}
Scrolls
 d - 3 scrolls of remove curse {unknown}
 f - 3 scrolls of teleportation {unknown}
 g - a scroll of identify {unknown}
 j - a scroll of magic mapping {unknown}
 k - a scroll of random uselessness {unknown}
Potions
 e - 2 potions of flight {unknown}
 h - a potion of curing {unknown}
Books
 b - a book of Air

   Spells                             Type                      Level
   a - Shock                          Conjuration/Air              1
   b - Swiftness                      Charms/Air                   2
   c - Static Discharge               Conjuration/Air              3
   d - Airstrike                      Air                          4
   e - Lightning Bolt                 Conjuration/Air              5
Comestibles
 c - 6 rations


   Skills:
 + Level 0.1 Fighting
 + Level 2.8 Dodging
 + Level 3.2 Stealth
 + Level 0.1 Unarmed Combat
 + Level 3.5 Spellcasting
 + Level 2.0 Conjurations
 + Level 3.6 Air Magic


You had 8 spell levels left.
You knew the following spells:

 Your Spells              Type           Power        Failure   Level  Hunger
a - Shock                 Conj/Air       ##..         100%        1    None


Dungeon Overview and Level Annotations

Branches:
Dungeon (3/15)

Altars:
Yredelemnul


Message History

The jackal bites you but does no damage.
The jackal bites you but does no damage.
The jackal bites you.
* * * LOW HITPOINT WARNING * * *
The jackal bites you but does no damage.
The jackal bites you but does no damage.
The jackal bites you but does no damage.
There is a stone staircase leading up here.
Casting: Shock
Confirm with . or Enter, or press ? or * to list all spells.
You don't know that spell.
You can't go down here!
The jackal bites you but does no damage.
You climb upwards.
There is a stone staircase leading down here.
The jackal bites you.
* * * LOW HITPOINT WARNING * * *
You closely miss the jackal. The jackal bites you.
You die...
Your body rises from the dead as a mindless zombie.

#.# #.....######..##.. #.#
#...)..........∩.. #.#
#.....#####...##.. #.#
#..#.## ###...###(
#.########..#.# #......##♣
#.............####.#.##..##
##########.....##..#.#....#
#.###.##.##.#.....
#@##..............
#h##..##.##.......
#>##..##.####[....
#.................
#####..#..####.####
#......#..####.#
#.###..........#### #.#
####........... #.#
#.##########


You could see a jackal.

Vanquished Creatures
  2 adders (D:2)
  A worm (D:2)
  2 dart slugs
  A leopard gecko (D:2)
  3 giant cockroaches
  5 goblins
  A hobgoblin (D:1)
  A jackal (D:1)
  4 bats
  6 frilled lizards
  10 kobolds
  A rat (D:1)
37 creatures vanquished.

Notes
Turn   | Place    | Note
-------+----------+-------------------------------------------
     0 | D:1      | Pierrem the Deep Elf Air Elementalist began the quest for the Orb.
     0 | D:1      | Reached XP level 1. HP: 10/10 MP: 6/6
   271 | D:1      | Reached XP level 2. HP: 15/15 MP: 6/8
   843 | D:2      | Reached XP level 3. HP: 19/19 MP: 4/9
   958 | D:2      | Found a basalt altar of Yredelemnul.
   965 | D:2      | Became a worshipper of Yredelemnul the Dark
  1403 | D:1      | Slain by a jackal

Skill      XL: |  1  2  3 |
---------------+----------+-----
Stealth        | 3 |  3.2
Conjurations   | 2 |  2.0
Fighting       | |  0.1
Dodging        | |  2.8
Unarmed Combat | |  0.1
Spellcasting   | |  3.5
Air Magic      | |  3.6

Action                   || total
-------------------------++-------
Melee: Unarmed           ||    17
       Great mace        ||    16
 Cast: Shock             ||    72
  Eat: Chunk             ||     1
Armor: Robe              ||    28
       Chain mail        ||    98
Dodge: Dodged            ||    58
